 Dungeon Crawl Stone Soup version 0.24-a0-278-gefa1973 (webtiles) character file.

Game seed: 6457833848404614725

79 frenix the Stinger (level 4, -2/21 HPs)
             Began as a Spriggan Venom Mage on Apr 29, 2019.
             Was an Initiate of Kikubaaqudgha.
             Killed from afar by Sigmund (11 damage)
             ... with a puff of flame
             ... on level 2 of the Dungeon.
             The game lasted 00:22:21 (2209 turns).

frenix the Stinger (Spriggan Venom Mage)            Turns: 2209, Time: 00:22:24

Health: -2/21      AC:  2    Str:  4    XL:     4   Next: 17%
Magic:  5/10       EV: 19    Int: 17    God:    Kikubaaqudgha [......]
Gold:   89         SH:  0    Dex: 21    Spells: 1/10 levels left

rFire    . . .     SeeInvis +   i - +3 dagger (holy)
rCold    . . .     Gourm    .   (shield restricted)
rNeg     . . .     Faith    .   a - +0 robe
rPois    .         Spirit   .   (helmet restricted)
rElec    .         Reflect  .   (no cloak)
rCorr    .         Harm     .   (gloves unavailable)
MR       .....                  (boots unavailable)
Stlth    +++.......             (no amulet)
HPRegen  0.07/turn              e - +5 ring of dexterity
MPRegen  0.12/turn              (no ring)

@: very quick
A: very small, unfitting armour, see invisible, herbivore, speed 3, slow
metabolism 2
a: Renounce Religion


You were on level 2 of the Dungeon.
You worshipped Kikubaaqudgha.
Kikubaaqudgha was noncommittal.
You were not hungry.

You visited 1 branch of the dungeon, and saw 2 of its levels.

You collected 89 gold pieces.

Inventory:

Hand Weapons
 b - a +0 dagger
 g - a +0 short sword
 i - a +3 dagger of holy wrath (weapon)
Armour
 a - a +0 robe (worn)
 f - a +0 robe
 h - a cursed +0 large shield
Jewellery
 e - a +5 ring of dexterity (left hand)
Scrolls
 k - a scroll of teleportation
Potions
 d - a potion of flight
Comestibles
 c - 5 rations


   Skills:
 - Level 3.1 Dodging
 - Level 3.0 Stealth
 - Level 3.6 Spellcasting
 - Level 1.0 Conjurations
 * Level 2.2 Hexes
 - Level 3.8 Poison Magic


You had one spell level left.
You knew the following spells:

 Your Spells              Type           Power        Failure   Level  Hunger
a - Sting                 Conj/Pois      ##..         6%          1    None
b - Poisonous Vapours     Pois/Air       #.....       11%         2    ##.....
c - Tukima's Dance        Hex            ##......     21%         3    ###....
d - Mephitic Cloud        Conj/Pois/Air  #.......     26%         3    ###....

Your spell library contained the following spells:

 Spells                   Type           Power        Failure   Level  Hunger
 Corona                   Hex            ##.....      7%          1    None
 Ensorcelled Hibernation  Hex/Ice        #.....       16%         2    ##.....
 Confuse                  Hex            ##......     21%         3    ###....
 Dazzling Spray           Conj/Hex       #.....       26%         3    ###....
 Olgreb's Toxic Radiance  Pois           ###.....     32%         4    ####...
 Venom Bolt               Conj/Pois      ##........   86%         5    ######.


Dungeon Overview and Level Annotations

Branches:
Dungeon (2/15)

Altars:
Kikubaaqudgha

Annotations:
D:2 Sigmund


Innate Abilities, Weirdness & Mutations

You are very small and have problems with some larger weapons.
You are too small for most types of armour.
You have supernaturally acute eyesight. (SInv)
You are a herbivore.
You cover ground extremely quickly.
You need to consume almost no food.


Message History

You feel less confused.
Casting: Sting (safe; 6% risk of failure)
Confirm with . or Enter, or press ? or * to list all spells.
Aiming: Sting (safe; 6% risk of failure)
Press: ? - help, Shift-Dir - straight line, f/p - Sigmund
Aim: Sigmund, wielding a +2 scythe of protection and wearing a +0 robe (almost dead)
The sting hits Sigmund.
Sigmund is almost dead.
Casting: Sting (safe; 6% risk of failure)
Confirm with . or Enter, or press ? or * to list all spells.
Aiming: Sting (safe; 6% risk of failure)
Press: ? - help, Shift-Dir - straight line, f/p - Sigmund
Aim: Sigmund, wielding a +2 scythe of protection and wearing a +0 robe (almost dead)
The sting hits Sigmund.
Sigmund is poisoned.
Sigmund is almost dead.
Sigmund points at you and mumbles some strange words.
The puff of flame hits you!
Ouch! That really hurt!
You die...
Kikubaaqudgha rasps: "You have failed me!
Welcome... death!"

######### #.......#
#.#####.# ###
####.#####>#####
##.########...........†...
#.....@..@.....#####.#####
#########.########.####
#.#,,,.
...........<....##.###
#.#,**#
..........#####..)...#
#.#,* # .####.###.#*
#......#****#.#,* # .#
#.##
##.#**#..........,....###
.# #.*
*...........####*#)#....
.# #.*# **.####..###.#*
#<#.### .####.#**,## #.##
*#.# #.#,* #


You could see Sigmund.

Vanquished Creatures
  3 gnolls (D:2)
  2 adders (D:2)
  2 dart slugs
  3 giant cockroaches (D:1)
  5 goblins
  2 hobgoblins
  A ball python (D:2)
  4 bats
  A frilled lizard (D:1)
  3 kobolds
  6 rats
32 creatures vanquished.

Notes
Turn   | Place    | Note
-------+----------+-------------------------------------------
     0 | D:1      | frenix the Spriggan Venom Mage began the quest for the Orb.
     0 | D:1      | Reached XP level 1. HP: 9/9 MP: 5/5
   308 | D:1      | Reached XP level 2. HP: 13/13 MP: 2/7
   408 | D:1      | Learned a level 2 spell: Poisonous Vapours
   913 | D:2      | Reached XP level 3. HP: 16/16 MP: 4/8
  1030 | D:2      | Reached skill level 1 in Conjurations
  1042 | D:2      | Learned a level 3 spell: Tukima's Dance
  1046 | D:2      | Learned a level 3 spell: Mephitic Cloud
  1233 | D:2      | Reached skill level 1 in Hexes
  1524 | D:2      | Reached XP level 4. HP: 14/21 MP: 7/10
  1800 | D:2      | Found an ancient bone altar of Kikubaaqudgha.
  1826 | D:2      | Became a worshipper of Kikubaaqudgha
  1859 | D:2      | Noticed Sigmund
  2209 | D:2      | Killed from afar by Sigmund

Levels and vault maps discovered:
D:1:      psy_arrival_whirlpool, layout_loops_corners
D:2:      layout_loops_ring, kiku_gazebo_pond_becter, minitemple, uniq_sigmund

Skill      XL: |  1  2  3 |
---------------+----------+-----
Spellcasting   | 3 |  3.6
Conjurations   | 1 |  1.0
Hexes          | 2 |  2.2
Dodging        | |  3.1
Stealth        | |  3.0
Poison Magic   | |  3.8

Action                   |  1- 3 |  4- 6 || total
-------------------------+-------+-------++-------
Melee: Dagger            |     1 |     1 ||     2
 Cast: Sting             |    42 |    19 ||    61
       Tukima's Dance    |       |     4 ||     4
       Mephitic Cloud    |       |     1 ||     1
  Use: Scroll            |     6 |     1 ||     7
       Potion            |       |     1 ||     1
Armor: Robe              |       |     1 ||     1
Dodge: Dodged            |    14 |     7 ||    21

Table legend:
 A = Non-vault XP
 B = Vault XP
 C = Vault XP percentage of total XP
 D = Non-vault monster count
 E = Vault monster count
 F = Vault count percentage of total count
                 A         B        C        D         E       F
            +---------+---------+-------+---------+---------+-------
      Total |     114 |       0 |   0.0 |      32 |       0 |   0.0
            +---------+---------+-------+---------+---------+-------
        D:1 |      24 |       0 |   0.0 |      14 |       0 |   0.0
        D:2 |      90 |       0 |   0.0 |      18 |       0 |   0.0
            +---------+---------+-------+---------+---------+-------
